 Seeded DCSS version 0.28.0-45-g0d030f2227 (webtiles) character file.

Game seed: 9376642942419055868 (custom seed)

57 thiscave3701365 the Chopper (level 4, 0/60 HPs)
             Began as a Hill Orc Berserker on Apr 13, 2022.
             Was a Believer of Trog.
             Succumbed to an adder's poison
             ... on level 3 of the Dungeon.
             The game lasted 00:01:18 (792 turns).

thiscave3701365 the Chopper (Hill Orc Berserker)     Turns: 792, Time: 00:01:19

Health: 0/60       AC: 22    Str: 21    XL:     4   Next: 0%
Magic:  4/4        EV:  2    Int:  7    God:    Trog [**....]
Gold:   46         SH:  0    Dex: 10    Spells: 3/3 levels left

rFire   . . .      SeeInvis .   e - +3 hand axe
rCold   . . .      Faith    .   (no shield)
rNeg    . . .      Spirit   .   (armour currently unavailable)
rPois   +          Reflect  .   (helmet currently unavailable)
rElec   .          Harm     .   (cloak currently unavailable)
rCorr   .          Rampage  .   (gloves currently unavailable)
Will    .....      NoTele   +   (boots currently unavailable)
Stlth   +.........              (no amulet)
HPRegen 0.20/turn               (no ring)
MPRegen 0.09/turn               (no ring)

@: lethally poisoned (0 -> -4), tree-form
A: stationary, stasis, torment immunity, boosted hp
a: Renounce Religion, Berserk, Trog's Hand


You were on level 3 of the Dungeon.
You worshipped Trog.
Trog was pleased with you.
You were a tree.
You visited 1 branch of the dungeon, and saw 3 of its levels.

You collected 46 gold pieces.

Inventory:

Hand Weapons
 e - a +3 hand axe (weapon)
Armour
 b - a +0 animal skin (melded)
 c - a +0 pair of boots (melded)
 g - a +0 cloak (melded)
Jewellery
 a - a ring of magical power
Scrolls
 f - a scroll of torment {unknown}
 h - 2 scrolls of identify {unknown}
 i - a scroll of teleportation {unknown}


   Skills:
 + Level 4.3 Fighting
 + Level 4.8 Axes
 + Level 2.5 Armour
 + Level 1.9 Dodging
 + Level 0.9 Stealth


You had 3 spell levels left.
You didn't know any spells.
Your spell library was empty.

Dungeon Overview and Level Annotations

Branches:
Dungeon (3/15)

Altars:


Message History

* * * LOW HITPOINT WARNING * * *
You are lethally poisoned!
The adder poisons you!
You hit the adder.
The adder is heavily wounded.
You miss the goblin. You hit the hobgoblin.
* * * LOW HITPOINT WARNING * * *
You feel very sick. The adder misses you. The goblin barely misses you.
The hobgoblin barely misses you.
You hit the adder.
The adder is severely wounded.
You barely miss the goblin. You hit the hobgoblin.
You kill the hobgoblin!
Trog accepts your kill.
* * * LOW HITPOINT WARNING * * *
You feel sick. The adder bites you but does no damage.
The goblin closely misses you.
You hit the adder.
You kill the adder!
Trog accepts your kill.
You hit the goblin.
You kill the goblin!
Trog accepts your kill.
* * * LOW HITPOINT WARNING * * *
You feel sick.
You have reached level 4!
Unknown command.
There is a lethal amount of poison in your body!
It was a potion of lignification.
You turn into a tree.
Your +0 cloak melds into your body.
Your +0 pair of boots melds into your body.
Your +0 animal skin melds into your body.
Your roots penetrate the ground.
* * * LOW HITPOINT WARNING * * *
You feel sick.
There is a lethal amount of poison in your body!
There is a lethal amount of poison in your body!
Okay, then.
You die...

#. #. # .#
#... #.#.
... #)####
#.♣..#
#.......#
#....####
.......
(........
#..........#
##>....###.#
#.....# .#


There were no monsters in sight!

Vanquished Creatures
  Robin (D:2)
  2 adders
  5 bats (D:1)
  2 endoplasms (D:1)
  2 giant cockroaches
  6 goblins
  3 hobgoblins
  A quokka (D:2)
  4 ball pythons
  A kobold (D:1)
  A rat (D:1)
28 creatures vanquished.

Notes
Turn   | Place    | Note
-------+----------+-------------------------------------------
     0 | D:1      | thiscave3701365 the Hill Orc Berserker began the quest for
                  | the Orb.
     0 | D:1      | Reached XP level 1. HP: 19/19 MP: 1/1
   376 | D:1      | Reached XP level 2. HP: 26/27 MP: 2/2
   671 | D:2      | Reached XP level 3. HP: 32/33 MP: 3/3
   732 | D:2      | Noticed Robin
   741 | D:2      | Killed Robin
   745 | D:2      | Reached ** piety under Trog
   790 | D:3      | HP: 1/33 [poisoned by an adder]
   791 | D:3      | Reached XP level 4. HP: 1/40 MP: 4/4
   792 | D:3      | Succumbed to an adder's poison

Illustrated notes

Levels and vault maps discovered:
D:1:      lightli_arrival_windingriver, layout_basic
D:2:      layout_basic, ebering_ecumenical_altar_webs, minmay_tetromino_t2,
          uniq_robin
D:3:      layout_loops_ring, minmay_diced_spiral

Skill      XL: |  1  2 |
---------------+-------+-----
Fighting       | 4 |  4.3
Axes           | |  4.8
Armour         | |  2.5
Dodging        | |  1.9
Stealth        | |  0.9

Action                   |  1- 3 |  4- 6 || total
-------------------------+-------+-------++-------
Melee: Hand axe          |    64 |       ||    64
       Punch             |     1 |       ||     1
Invok: Berserk           |     1 |       ||     1
  Use: Potion            |       |     1 ||     1
Armor: Animal skin       |    40 |       ||    40
Dodge: Dodged            |    81 |       ||    81
